AoeStats
← 猫咪先生

Arabia

510263083Analyzed
2v2 RM · 1d ago on Sep 30, 2026· 26m 17s· 4 players
Game mode
Random Map
Map size
Medium (4 player)
Population
200
Speed
Normal
Resources
Standard
Victory
Conquest
Starting age
Dark Age
Ending age
Imperial Age
RankedLock teamsTeams togetherTeam positionsShared explorationLock speedFull tech treeHidden civsTurbo modeCheats
Victory
Defeat
🇸🇬 Spanish · Singapore
1019
+13
🇨🇳 Dravidians · China
933
+17
🇹🇼 Varangians · Taiwan
957
-15
🇹🇼 Burgundians · Taiwan
943
-15
猫咪先生
8:48 Loom
11:23 Feudal Age
12:59 Man-at-Arms
13:24 Arson
20:45 Castle Age
19:19 Double-Bit Axe
21:19 Gambesons
21:34 Squires
20:59 Pikeman
27:08 Wheelbarrow
realtrading
7:47 Loom
12:08 Feudal Age
13:27 Wheelbarrow
16:43 Castle Age
15:05 Double-Bit Axe
18:21 Fletching
19:37 Padded Archer Armor
19:36 Gold Mining
shulin60111
8:08 Loom
9:56 Feudal Age
12:29 Double-Bit Axe
12:27 Horse Collar
19:55 Castle Age
18:56 Heavy Plow
19:13 Bow Saw
19:56 Scale Barding Armor
21:51 Wheelbarrow
22:22 Husbandry
22:12 Cavalier
24:30 Elite Skirmisher
fugo53419
7:06 Loom
9:35 Feudal Age
10:59 Double-Bit Axe
12:59 Horse Collar
19:15 Castle Age
20:36 Fletching
21:31 Scale Mail Armor
22:16 Heavy Plow
Connection lost

Rejoining the realm…

Still unreachable

The connection could not be restored.

Session expired

The server has moved on; the page needs a fresh start.